 Dungeon Crawl Stone Soup version 0.19-a0-1738-gbb2db12 (webtiles) character file.

298 Promi the Conjurer (level 5, -1/45 HPs)
             Began as a Demigod Wizard on Oct 1, 2016.
             Killed from afar by an orc wizard (9 damage)
             ... with a magic dart
             ... on level 4 of the Dungeon.
             The game lasted 00:14:36 (4365 turns).

Promi the Conjurer (Demigod Wizard)                 Turns: 4365, Time: 00:14:37

Health: -1/45      AC:  2    Str:  4 (5)  XL:     5   Next: 88%
Magic:  12/12      EV: 12    Int: 27      God:
Gold:   222        SH:  0    Dex: 16      Spells: 5 memorised, 0 levels left

rFire  . . .     SeeInvis .     t - +1 long sword
rCold  . . .     Gourm    .     s - +0 robe of Famoaw {rElec rN+ Str-5 Int+5} (curse)
rNeg   + . .     Faith    .     (no shield)
rPois  .         Spirit   .     b - +0 hat
rElec  +         Dismiss  .     (no cloak)
rCorr  .         Reflect  .     (no gloves)
MR     .....     Harm     .     (no boots)
Stlth  +.........               (no amulet)
                                (no ring)
                                (no ring)

@: confused, very slightly contaminated, hasted, repel missiles, very quick
A: agile 1, blurry vision 1, dopey 1, high mp 1
a: no special abilities


You were on level 4 of the Dungeon.
You were not hungry.

You visited 1 branch of the dungeon, and saw 4 of its levels.

You collected 222 gold pieces.

Inventory:

Hand Weapons
 f - a +0 dagger
 t - a +1 long sword (weapon)
Armour
 a - a +0 robe
 b - a +0 hat (worn)
 s - the cursed +0 robe of Famoaw (worn) {rElec rN+ Str-5 Int+5}
   (You found it on level 4 of the Dungeon)

   It affects your strength (-5).
   It affects your intelligence (+5).
   It insulates you from electricity.
   It protects you from negative energy.
   It has a curse placed upon it.
Scrolls
 e - a scroll of remove curse {unknown}
 g - a scroll of amnesia
 m - 3 scrolls of identify
 n - a scroll of fog
Potions
 h - 2 potions of curing
 i - 2 potions of flight
 p - a potion of haste
Books
 c - a book of Minor Magic

   Spells                             Type                      Level
   a - Magic Dart                     Conjuration                  1
   b - Blink                          Translocation                2
   c - Call Imp                       Summoning                    2
   d - Repel Missiles                 Charms/Air                   2
   e - Slow                           Hexes                        2
   f - Conjure Flame                  Conjuration/Fire             3
   g - Mephitic Cloud                 Conjuration/Poison/Air       3
 q - a book of Necromancy

   Spells                             Type                      Level
   a - Pain                           Necromancy                   1
   b - Animate Skeleton               Necromancy                   1
   c - Vampiric Draining              Necromancy                   3
   d - Regeneration                   Charms/Necromancy            3
   e - Animate Dead                   Necromancy                   4
   f - Control Undead                 Necromancy                   4
Comestibles
 d - 3 bread rations
 l - 2 chunks of flesh
 o - a beef jerky


   Skills:
 - Level 3.1 Fighting
 + Level 1.9 Dodging
 + Level 1.8 Stealth
 + Level 2.8 Spellcasting
 - Level 4.0 Conjurations
 - Level 1.1 Summonings
 - Level 1.3 Translocations


You couldn't memorise any spells.
You knew the following spells:

 Your Spells              Type           Power        Failure   Level  Hunger
a - Magic Dart            Conj           ####         1%          1    None
b - Blink                 Tloc           N/A          10%         2    ##.....
c - Call Imp              Summ           ##......     12%         2    ##.....
d - Repel Missiles        Chrm/Air       #.....       14%         2    ##.....
e - Slow                  Hex            #.......     14%         2    ##.....


Dungeon Overview and Level Annotations

Branches:
Dungeon (4/15)
 Temple: D:4-7


Innate Abilities, Weirdness & Mutations

You have an increased reservoir of magic. (+10% MP)
You are agile. (Dex +2)
Scrolls take you a little longer to read.
You are dopey. (Int -2)


Message History

Found a scroll of identify.
Really read with blurry vision while enemies are nearby?
Okay, then.
You feel yourself speed up.
You are very lightly contaminated with residual magic.
The orc wizard gestures wildly while chanting.
The orc wizard mumbles some strange words.
The orc wizard casts a spell at you. The magic dart hits you!
The orc wizard gestures at you while chanting.
You are confused.
The orc wizard gestures at you while chanting.
The magic dart hits you!
* * * LOW HITPOINT WARNING * * *
The orc priest miscasts a cantrip.
You bump into the rock wall.
You bump into the rock wall.
The orc wizard gestures at you while chanting.
The magic dart hits you!
You die...

#......# ######.#
#.#### #....#
#.##.### #......##
#..###..## ######
#..#(#...## #.....
#@.##.##..###.....
#....#.#...##.....
#.#..##.##o.#.....
#.o....#.#........
###....##.####....
###......#..?#....
#.....o..#..!#....
#o####...#l.$#....
#.###..##.####....


You could see an orc priest and an orc wizard.

Vanquished Creatures
  Ijyb (D:2)
  Natasha (D:3)
  A worker ant (D:4)
  A hound skeleton (D:4)
  6 adders
  An ooze (D:1)
  A worm (D:3)
  2 dart slugs (D:1)
  2 leopard geckos (D:1)
  3 orcs (D:4)
  3 giant cockroaches
  8 goblins
  3 hobgoblins
  13 jackals
  7 kobolds
  A quokka (D:4)
  3 ball pythons
  4 bats
  2 frilled lizards
  A quokka skeleton (D:4)
  6 rats
70 creatures vanquished.

Vanquished Creatures (collateral kills)
  The ghost of Bzzzz the Sneak, an amateur SpAs (D:3)
  A scorpion (D:3)
  A hobgoblin (D:3)
3 creatures vanquished.

Grand Total: 73 creatures vanquished

Notes
Turn   | Place    | Note
-------+----------+-------------------------------------------
     0 | D:1      | Promi the Demigod Wizard began the quest for the Orb.
     0 | D:1      | Reached XP level 1. HP: 14/14 MP: 6/6
   106 | D:1      | Reached skill level 1 in Fighting
   206 | D:1      | Reached XP level 2. HP: 8/23 MP: 0/8
   210 | D:1      | Learned a level 2 spell: Blink
   213 | D:1      | Learned a level 2 spell: Call Imp
  1203 | D:1      | Reached XP level 3. HP: 30/30 MP: 7/9
  1577 | D:1      | Learned a level 2 spell: Repel Missiles
  1893 | D:2      | Found an ancient bone altar of Kikubaaqudgha.
  1922 | D:2      | Reached skill level 1 in Translocations
  1994 | D:2      | Noticed Ijyb
  2018 | D:2      | Killed Ijyb
  2018 | D:2      | Reached skill level 1 in Conjurations
  2018 | D:2      | Reached skill level 1 in Summonings
  2018 | D:2      | Reached XP level 4. HP: 27/38 MP: 0/10
  2246 | D:2      | Gained mutation: You are agile. (Dex +2) [potion of mutation]
  2246 | D:2      | Gained mutation: You are dopey. (Int -2) [potion of mutation]
  2246 | D:2      | Gained mutation: Scrolls take you a little longer to read. [potion of mutation]
  2367 | D:3      | Reached skill level 2 in Conjurations
  2766 | D:3      | Found a blossoming altar of Fedhas.
  2768 | D:3      | Found a sacrificial altar of Ru.
  2768 | D:3      | Found a radiant altar of Vehumet.
  2789 | D:3      | Noticed Natasha
  2803 | D:3      | Killed Natasha
  3470 | D:3      | Reached XP level 5. HP: 45/45 MP: 6/11
  3474 | D:3      | Learned a level 2 spell: Slow
  3535 | D:3      | Noticed Bzzzz's ghost (amateur SpAs)
  3547 | D:3      | Killed Bzzzz's ghost
  3547 | D:3      | Reached skill level 3 in Conjurations
  3703 | D:4      | Noticed an ogre
  4060 | D:4      | Got a silken robe
  4070 | D:4      | Reached skill level 4 in Conjurations
  4087 | D:4      | Identified the cursed +0 robe of Famoaw {rElec rN+ Str-5 Int+5} (You found it on level 4 of the Dungeon)
  4334 | D:4      | Noticed an ogre
  4365 | D:4      | Killed from afar by an orc wizard

Vault maps used:
D:1:      evilmike_arrival_crescent
D:2:      kiku_gazebo_pond_becter, uniq_iyjb
D:3:      grunt_temple_overflow_diamond, first_bread, uniq_natasha
D:4:      minmay_vboxes

Skill      XL: |  1  2  3  4  5 |
---------------+----------------+-----
Fighting       | 1 2 3 |  3.1
Translocations | 1 |  1.3
Conjurations   | 1 2 4 |  4.0
Summonings     | 1 |  1.1
Dodging        | |  1.9
Stealth        | |  1.8
Spellcasting   | |  2.8

Action                   |  1- 3 |  4- 6 || total
-------------------------+-------+-------++-------
Melee: Dagger            |    86 |    42 ||   128
       Long sword        |       |     1 ||     1
 Cast: Magic Dart        |    84 |    91 ||   175
       Call Imp          |       |     6 ||     6
       Repel Missiles    |       |     1 ||     1
       Blink             |       |     1 ||     1
  Use: Potion            |     2 |     5 ||     7
       Scroll            |     1 |     6 ||     7
 Stab: Sleeping          |     2 |     1 ||     3
  Eat: Chunk             |     3 |     8 ||    11
Armor: Robe              |    21 |    11 ||    32
Dodge: Dodged            |    68 |    49 ||   117
